 Dungeon Crawl Stone Soup version 0.31.0-7-gf635a9b802 (webtiles) character file.

Game seed: 9396130197197686163

1361 sanka the Skirmisher (level 8, -4/63 HPs)
             Began as a Minotaur Hunter on Jan 23, 2024.
             Slain by an unseen horror (6 damage)
             ... on level 7 of the Dungeon.
             The game lasted 00:10:22 (5591 turns).

sanka the Skirmisher (Minotaur Hunter)              Turns: 5591, Time: 00:10:23

Health: -4/63      AC:  8    Str: 16    XL:     8   Next: 37%
Magic:  0/7        EV: 12    Int:  6    God:
Gold:   107        SH:  0    Dex: 16    Spells: 7/7 levels left

rFire   . . .        a - +4 arbalest (freeze)
rCold   . . .        (shield currently unavailable)
rNeg    . . .        E - +1 leather armour {Will+}
rPois   .            (helmet restricted)
rElec   .            (no cloak)
rCorr   .            (no gloves)
SInv    .            (no boots)
Will    ++...        F - amulet of guardian spirit
Stlth   +            i - ring of willpower
HPRegen 0.30/turn    f - +4 ring of protection
MPRegen 0.10/turn

%: guardian spirit
@: studying Armour
A: horns 2, retaliatory headbutt
a: no special abilities


You were on level 7 of the Dungeon.
You visited 2 branches of the dungeon, and saw 8 of its levels.
You also visited: Ossuary.

You collected 302 gold pieces.
You spent 195 gold pieces at shops.


Innate Abilities, Weirdness & Mutations

You have a pair of horns on your head.
You reflexively headbutt those who attack you in melee.


   Skills:
 - Level 3.0 Fighting
 + Level 11.9 Ranged Weapons
 - Level 2.1 Dodging
 - Level 0.7 Stealth


You had 7 spell levels left.
You didn't know any spells.
Your spell library contained the following spells:

 Spells                   Type           Power      Damage    Failure   Level
 Cigotuvi's Dreadful Rot  Necr/Alch/Air  0%         N/A       67%         2
 Stone Arrow              Conj/Erth      0%         3d7       88%         3
 Anguish                  Hex/Necr       0%         N/A       99%         4
 Animate Armour           Summ/Erth      0%         N/A       99%         4
 Cause Fear               Hex            0%         N/A       99%         4
 Ignite Poison            Fire/Alch      0%         N/A       99%         4
 Freezing Cloud           Conj/Ice/Air   0%         6-21      100%        5
 Enfeeble                 Hex            0%         N/A       100%        7
 Lehudib's Crystal Spear  Conj/Erth      0%         10d2      100%        8

Inventory:

Hand Weapons
 a - a +4 arbalest of freezing (weapon)
 D - a +0 shortbow
Missiles
 m - 2 throwing nets {=f}
Armour
 t - a +0 robe
 y - a +0 cloak
 E - a +1 leather armour of willpower (worn)
Jewellery
 f - a +4 ring of protection (right hand)
 i - a ring of willpower (left hand)
 F - an amulet of guardian spirit (around neck)
 G - an amulet of faith
Wands
 r - a wand of roots (12)
 u - a wand of polymorph (10)
Scrolls
 b - a scroll of butterflies
 c - 2 scrolls of fog {unknown}
 e - 10 scrolls of identify {unknown}
 j - 7 scrolls of teleportation {unknown}
 k - 3 scrolls of enchant armour {unknown}
 l - a scroll of acquirement {unknown}
 o - a scroll of revelation {unknown}
 q - 2 scrolls of blinking {unknown}
 s - 2 scrolls of noise {unknown}
 w - 3 scrolls of immolation {unknown}
 x - 2 scrolls of silence {unknown}
Potions
 d - a potion of heal wounds {unknown}
 g - a potion of magic {unknown}
 h - a potion of attraction {unknown}
 n - 2 potions of cancellation
 p - a potion of invisibility {unknown}
 v - 2 potions of lignification {unknown}
 z - 2 potions of curing {unknown}
 A - a potion of ambrosia {unknown}
 B - a potion of degeneration {unknown}
 C - 2 potions of berserk rage {unknown}

Dungeon Overview and Level Annotations

Branches:
Dungeon (7/15)             Temple (1/1) D:4         Ossuary (visited)

Altars:
Ashenzari
Cheibriados
Dithmenos
Gozag
Hepliaklqana
Kikubaaqudgha
Ru
Sif Muna
Uskayaw
Xom
Zin
The Shining One

Shops:
D:1 : D:2

!(? ▒▒ .
.▒▒ ▒▒▒
▒..
▒.▒▒.▒▒.▒
▒.......
▒▒▒▒...▒▒▒
+H..<....▒
▒▒▒▒...▒.▒
▒▒.▒▒ ▒.▒
▒.. $..▒
▒▒.▒ .▒


There were no monsters in sight!


Message History

Something hits you.
There is a stone staircase leading up here.
Something hits you!
* * * LOW HITPOINT WARNING * * *
Something hits you but does no damage.
Fire: a) +4 arbalest (freeze)
Press: ? - help, Q - select action, (/) - cycle Shift-Dir - straight line You shoot a bolt.
Something completely misses you. Something hits you.
* * * LOW HITPOINT WARNING * * *
Something hits you.
* * * LOW HITPOINT WARNING * * *
Something hits you.
* * * LOW HITPOINT WARNING * * *
Something hits you.
* * * LOW HITPOINT WARNING * * *
You shoot a bolt. Something hits you!
* * * LOW HITPOINT WARNING * * *
Something hits you.
* * * LOW HITPOINT WARNING * * *
Something hits you!
* * * LOW HITPOINT WARNING * * *
Unknown command.
It was a potion of cancellation.
You feel magically purged. Something completely misses you. Something hits you.
You die...

Action                     |  1- 3 |  4- 6 |  7- 9 || total
---------------------------+-------+-------+-------++-------
   Fire: Shortbow          |   107 |   293 |    60 ||   460
         Arbalest          |       |       |    56 ||    56
    Use: Potion            |       |       |     1 ||     1
 Armour: Leather armour    |    36 |    46 |    74 ||   156
         Robe              |       |    20 |    28 ||    48
  Dodge: Dodged            |    36 |    75 |    36 ||   147

Levels and vault maps discovered:
D:1:      lightli_arrival_quake, layout_basic,
          shapermc_ecumenical_altar_mp_ritualfount, serial_shops,
          nicolae_shop_window_shopping, dreamdust_wishing_well
D:2:      layout_basic, serial_shops, nicolae_shop_window_shopping,
          nicolae_shop_tiny_glass, shop, uniq_jessica
D:3:      layout_rooms, uniq_ijyb, uniq_robin
D:4:      layout_rooms, minmay_temple_entry_offerings,
          minmay_misc_feat_nine_boxes, amcnicky_mini_corridor_feature,
          grunt_decor_cap, nrook_mini_vaults, nicolae_elevator_lobby_asterisk
D:5:      layout_loops_corners, nicolae_ossuary_entry_catacombs,
          supply_closet_lemuel
D:6:      layout_gridville, kennysheep_donut, minmay_manual_monolith,
          uniq_jeremiah
D:7:      nicolae_BIG_FREAKIN_CUBE, layout_loops_corners,
          mainiacjoe_overflow_surrounded_room, mainiacjoe_overflow_paths,
          grunt_temple_overflow_diamond, serial_shops,
          nicolae_shop_window_shopping
Temple:   nicolae_temple_hex_pool

Notes
Turn   | Place    | Note
-------+----------+-------------------------------------------
     0 | D:1      | sanka the Minotaur Hunter began the quest for the Orb.
     0 | D:1      | Reached XP level 1. HP: 18/18 MP: 0/0
   122 | D:1      | Reached skill level 3 in Fighting
   122 | D:1      | Reached XP level 2. HP: 26/26 MP: 1/1
   126 | D:1      | Found a faded altar of an unknown god.
   280 | D:1      | Reached skill level 5 in Ranged Weapons
   318 | D:1      | Found Dupiroag's Book Shoppe.
   644 | D:1      | Reached XP level 3. HP: 31/31 MP: 2/2
   972 | D:2      | Found Noriph's Distillery.
  1051 | D:2      | Reached skill level 6 in Ranged Weapons
  1051 | D:2      | Reached XP level 4. HP: 15/38 MP: 3/3
  1057 | D:2      | HP: 3/38 [gnoll/+0 spear (7)]
  1463 | D:2      | Found Ceciet's Magic Scroll Shop.
  1779 | D:2      | Noticed Jessica
  1786 | D:2      | Killed Jessica
  1887 | D:2      | Found Erosmuol's Antique Weapon Emporium.
  2042 | D:3      | Noticed Robin
  2056 | D:2      | Reached XP level 5. HP: 42/45 MP: 4/4
  2097 | D:3      | Killed Robin
  2098 | D:3      | Reached skill level 7 in Ranged Weapons
  2164 | D:3      | Noticed Ijyb
  2177 | D:3      | Killed Ijyb
  2550 | D:4      | Reached XP level 6. HP: 51/51 MP: 5/5
  2560 | D:4      | Found a staircase to the Ecumenical Temple.
  2577 | Temple   | Entered the Ecumenical Temple
  2593 | D:4      | Reached skill level 8 in Ranged Weapons
  3414 | D:5      | Entered Level 5 of the Dungeon
  3546 | D:5      | Found a sand-covered staircase.
  3577 | Ossuary  | Entered an ossuary
  3667 | Ossuary  | Reached skill level 9 in Ranged Weapons
  3701 | Ossuary  | Reached XP level 7. HP: 57/57 MP: 6/6
  3887 | Ossuary  | Noticed a silent spectre
  4073 | D:2      | Bought a glowing arbalest for 195 gold pieces
  4356 | D:5      | Reached skill level 10 in Ranged Weapons
  4871 | D:6      | Noticed Jeremiah
  4876 | D:6      | Killed Jeremiah
  4877 | D:6      | Reached skill level 11 in Ranged Weapons
  4877 | D:6      | Reached XP level 8. HP: 49/63 MP: 7/7
  5590 | D:7      | HP: 2/63 [something (8)]
  5591 | D:7      | Slain by an unseen horror

Vanquished Creatures
  Jeremiah (D:6)
  An ogre (D:5)
  2 wights
  A howler monkey (D:6)
  2 human zombies
  4 centaur zombies (Ossuary)
  2 bombardier beetles
  A jelly (D:6)
  Jessica (D:2)
  3 iguanas
  A human skeleton (D:5)
  2 scorpion zombies (Ossuary)
  3 sleepcaps
  Ijyb (D:3)
  Robin (D:3)
  10 gnolls
  6 adders
  A white imp (D:6)
  2 adder zombies (Ossuary)
  5 dart slugs
  3 ribbon worms
  11 orcs
  9 ball pythons
  7 bats
  8 endoplasms
  2 giant cockroaches
  2 gnoll zombies (Ossuary)
  22 goblins
  9 hobgoblins
  2 jackals (D:3)
  6 quokkas
  3 frilled lizards
  3 goblin zombies (Ossuary)
  3 hobgoblin zombies (Ossuary)
  4 kobolds
  2 orc skeletons (D:5)
  5 orc zombies
  8 rats
159 creatures vanquished.
